% Time on Ice - REGINA FALCONS
Lines # - Real PCT - Wanted PCT - Time Play
Normal Forward
1 - 38% - 38% - 19:25
2 - 34% - 35% - 17:24
3 - 20% - 19% - 10:08
4 - 9% - 8% - 4:30
Normal Defense
1 - 38% - 38% - 19:39
2 - 36% - 35% - 18:25
3 - 26% - 27% - 13:23
4 - 0% - 0% - 0:00
PP Forward
1 - 0% - 55%
2 - 0% - 45%
PP Defense
1 - 0% - 55%
2 - 0% - 45%
PK Forward
1 - 62% - 55% - 4:56
2 - 38% - 45% - 3:00
PK Defense
1 - 44% - 55% - 3:31
2 - 56% - 45% - 4:25
PK3 Forward
1 - 0% - 55%
2 - 0% - 45%
PK3 Defense
1 - 0% - 55%
2 - 0% - 45%
44 Forward
1 - 0% - 55%
2 - 0% - 45%
44 Defense
1 - 0% - 55%
2 - 0% - 45%
Last Minute Offensive  - 0:37
Last Minute Defensive  - 0:00
Total
Forward - 60:00
Defense - 60:00
% Time on Ice - SACRAMENTO BANDITS
Lines # - Real PCT - Wanted PCT - Time Play
Normal Forward
1 - 37% - 38% - 19:08
2 - 33% - 30% - 17:07
3 - 21% - 22% - 11:00
4 - 8% - 10% - 4:22
Normal Defense
1 - 42% - 40% - 21:34
2 - 34% - 35% - 17:44
3 - 23% - 25% - 11:47
4 - 1% - 0% - 0:32
PP Forward
1 - 50% - 51% - 4:00
2 - 50% - 49% - 3:56
PP Defense
1 - 45% - 57% - 3:32
2 - 55% - 43% - 4:24
PK Forward
1 - 0% - 55%
2 - 0% - 45%
PK Defense
1 - 0% - 55%
2 - 0% - 45%
PK3 Forward
1 - 0% - 55%
2 - 0% - 45%
PK3 Defense
1 - 0% - 55%
2 - 0% - 45%
44 Forward
1 - 0% - 55%
2 - 0% - 45%
44 Defense
1 - 0% - 55%
2 - 0% - 45%
Last Minute Offensive  - 0:00
Last Minute Defensive  - 0:27
Total
Forward - 60:00
Defense - 60:00
Play-by-Play 1st period 0:01 of 1st period - Claude Giroux wins face-off versus Nazem Kadri in neutral zone. 0:13 of 1st period - Nazem Kadri is hit by John Carlson. 0:40 of 1st period - Shot by Nazem Kadri. 0:40 of 1st period - Stopped by Andrei Vasilevskiy without a rebound. 0:41 of 1st period - Boone Jenner wins face-off versus Nikolaj Ehlers in SACRAMENTO BANDITS zone. 1:00 of 1st period - Shot by Aleksander Barkov. 1:00 of 1st period - Deflect By Jamie Benn. 1:00 of 1st period - Stopped by Frederik Andersen without a rebound. 1:01 of 1st period - Jordan Martinook wins face-off versus Brandon Saad in REGINA FALCONS zone. 1:21 of 1st period - Shot by Clayton Keller. 1:21 of 1st period - Stopped by Frederik Andersen without a rebound. 1:22 of 1st period - Scott Laughton wins face-off versus Boone Jenner in REGINA FALCONS zone. 1:30 of 1st period - Icing by Sami Vatanen. 1:31 of 1st period - Boone Jenner wins face-off versus Jamie Benn in REGINA FALCONS zone. 1:47 of 1st period - Icing by Jamie Benn. 1:48 of 1st period - Aleksander Barkov wins face-off versus Brian Gibbons in SACRAMENTO BANDITS zone. 1:57 of 1st period - Shot by Valeri Nichushkin. 1:57 of 1st period - Shot Misses the Net. 2:01 of 1st period - Shot by Matt Martin. 2:01 of 1st period - Stopped by Andrei Vasilevskiy with a rebound. 2:03 of 1st period - Shot by Valeri Nichushkin. 2:03 of 1st period - Deflect By Matt Martin. 2:03 of 1st period - Shot Blocked by Aaron Ekblad. 2:29 of 1st period - Shot by Jamie Benn. 2:29 of 1st period - Shot Misses the Net. 2:38 of 1st period - Off-side. 2:39 of 1st period - Claude Giroux wins face-off versus Nazem Kadri in neutral zone. 2:52 of 1st period - Ivan Provorov is hit by Brady Tkachuk and loses puck. 4:09 of 1st period - Shot by Clayton Keller. 4:09 of 1st period - Stopped by Frederik Andersen without a rebound. 4:10 of 1st period - Scott Laughton wins face-off versus Boone Jenner in REGINA FALCONS zone. 4:10 of 1st period - Scott Laughton is hit by Sami Vatanen. 4:22 of 1st period - Icing by Antoine Roussel. 4:23 of 1st period - Scott Laughton wins face-off versus Frederick Gaudreau in SACRAMENTO BANDITS zone. 4:32 of 1st period - Shot by Scott Laughton. 4:32 of 1st period - Stopped by Frederik Andersen without a rebound. 4:33 of 1st period - Claude Giroux wins face-off versus Jonathan Miller in REGINA FALCONS zone. 4:46 of 1st period - Shot by Claude Giroux. 4:46 of 1st period - Stopped by Frederik Andersen without a rebound. 4:47 of 1st period - Frederick Gaudreau wins face-off versus Clayton Keller in REGINA FALCONS zone. 5:07 of 1st period - Icing by Blake Comeau. 5:08 of 1st period - Claude Giroux wins face-off versus Frederick Gaudreau in REGINA FALCONS zone. 5:13 of 1st period - Shot by Jonathan Huberdeau. 5:13 of 1st period - Shot Misses the Net. 5:49 of 1st period - Jonathan Huberdeau is hit by Boone Jenner and loses puck. 6:06 of 1st period - Shot by Max Pacioretty. 6:06 of 1st period - Stopped by Andrei Vasilevskiy without a rebound. 6:07 of 1st period - Aleksander Barkov wins face-off versus David Pastrnak in SACRAMENTO BANDITS zone. 6:35 of 1st period - Icing by Ryan Murray. 6:36 of 1st period - Jordan Martinook wins face-off versus David Pastrnak in REGINA FALCONS zone. 6:48 of 1st period - David Pastrnak is hit by Mattias Ekholm and loses puck. 6:53 of 1st period - Shot by Brady Tkachuk. 6:53 of 1st period - Stopped by Andrei Vasilevskiy without a rebound. 6:54 of 1st period - Boone Jenner wins face-off versus Scott Laughton in SACRAMENTO BANDITS zone. 6:59 of 1st period - Shot by Max Pacioretty. 6:59 of 1st period - Shot Misses the Net. 7:13 of 1st period - Icing by Ivan Provorov. 7:14 of 1st period - Drake Caggiula wins face-off versus Blake Comeau in SACRAMENTO BANDITS zone. 7:14 of 1st period - Drake Caggiula is hit by Blake Comeau. 7:39 of 1st period - Shot by Antoine Roussel. 7:39 of 1st period - Deflect By Drake Caggiula. 7:39 of 1st period - Stopped by Frederik Andersen without a rebound. 7:40 of 1st period - Aleksander Barkov wins face-off versus Boone Jenner in REGINA FALCONS zone. 7:49 of 1st period - Shot by Aleksander Barkov. 7:49 of 1st period - Stopped by Frederik Andersen without a rebound. 7:50 of 1st period - Max Pacioretty wins face-off versus Jordan Martinook in REGINA FALCONS zone. 8:30 of 1st period - Minor Penalty to Sami Vatanen for Tripping. 8:31 of 1st period - Claude Giroux wins face-off versus Boone Jenner in REGINA FALCONS zone. 8:40 of 1st period - Shot by Jonathan Huberdeau. 8:40 of 1st period - Shot Blocked by Joel Edmundson. 9:50 of 1st period - Shot by Nikolaj Ehlers. 9:50 of 1st period - Shot Misses the Net. 9:52 of 1st period - Shot by Jamie Benn. 9:52 of 1st period - Stopped by Frederik Andersen without a rebound. 9:53 of 1st period - Aleksander Barkov wins face-off versus Boone Jenner in REGINA FALCONS zone. 10:39 of 1st period - Shot by Clayton Keller. 10:39 of 1st period - Shot Misses the Net. 10:41 of 1st period - Shot by Jordan Martinook. 10:41 of 1st period - Deflect By Clayton Keller. 10:41 of 1st period - Goal by Clayton Keller - REGINA FALCONS : 0 - SACRAMENTO BANDITS : 1. 10:42 of 1st period - Claude Giroux wins face-off versus Brady Tkachuk in neutral zone. 11:13 of 1st period - Off-side. 11:14 of 1st period - Boone Jenner wins face-off versus Jordan Martinook in neutral zone. 11:38 of 1st period - Shot by Boone Jenner. 11:38 of 1st period - Deflect By Max Pacioretty. 11:38 of 1st period - Goal by Max Pacioretty - REGINA FALCONS : 1 - SACRAMENTO BANDITS : 1. 11:39 of 1st period - Aleksander Barkov wins face-off versus Frederick Gaudreau in neutral zone. 11:48 of 1st period - Shot by Nikolaj Ehlers. 11:48 of 1st period - Stopped by Frederik Andersen without a rebound. 11:49 of 1st period - Nazem Kadri wins face-off versus Claude Giroux in REGINA FALCONS zone. 13:06 of 1st period - Shot by Jonathan Miller. 13:06 of 1st period - Shot Blocked by Aaron Ekblad. 13:18 of 1st period - Shot by Nikolaj Ehlers. 13:18 of 1st period - Shot Misses the Net. 13:20 of 1st period - Shot by Aleksander Barkov. 13:20 of 1st period - Shot Blocked by Ryan Murray. 13:30 of 1st period - Shot by Nikolaj Ehlers. 13:30 of 1st period - Deflect By Aleksander Barkov. 13:30 of 1st period - Goal by Aleksander Barkov - REGINA FALCONS : 1 - SACRAMENTO BANDITS : 2. 13:31 of 1st period - Jordan Martinook wins face-off versus Frederick Gaudreau in neutral zone. 13:42 of 1st period - Off-side. 13:43 of 1st period - Scott Laughton wins face-off versus Nazem Kadri in neutral zone. 13:54 of 1st period - Shot by Scott Laughton. 13:54 of 1st period - Shot Blocked by Sami Vatanen. 13:56 of 1st period - Shot by Kevin Connauton. 13:56 of 1st period - Shot Misses the Net. 14:16 of 1st period - Shot by Scott Laughton. 14:16 of 1st period - Stopped by Frederik Andersen without a rebound. 14:17 of 1st period - Aleksander Barkov wins face-off versus Frederick Gaudreau in REGINA FALCONS zone. 14:20 of 1st period - Shot by Nikolaj Ehlers. 14:20 of 1st period - Stopped by Frederik Andersen without a rebound. 14:21 of 1st period - Boone Jenner wins face-off versus Aleksander Barkov in REGINA FALCONS zone. 14:38 of 1st period - Shot by Jonathan Miller. 14:38 of 1st period - Shot Hit the Post. 14:46 of 1st period - Shot by Jonathan Miller. 14:46 of 1st period - Stopped by Andrei Vasilevskiy with a rebound. 14:48 of 1st period - Shot by Ryan Murray. 14:48 of 1st period - Shot Misses the Net. 14:50 of 1st period - Shot by Jonathan Miller. 14:50 of 1st period - Shot Misses the Net. 14:52 of 1st period - Shot by Boone Jenner. 14:52 of 1st period - Stopped by Andrei Vasilevskiy without a rebound. 14:53 of 1st period - Nazem Kadri wins face-off versus Claude Giroux in SACRAMENTO BANDITS zone. 15:16 of 1st period - Shot by David Pastrnak. 15:16 of 1st period - Shot Misses the Net. 15:24 of 1st period - Shot by David Pastrnak. 15:24 of 1st period - Stopped by Andrei Vasilevskiy without a rebound. 15:25 of 1st period - Aleksander Barkov wins face-off versus Frederick Gaudreau in SACRAMENTO BANDITS zone. 15:42 of 1st period - Off-side. 15:43 of 1st period - Boone Jenner wins face-off versus Jordan Martinook in neutral zone. 16:46 of 1st period - Shot by Nazem Kadri. 16:46 of 1st period - Stopped by Andrei Vasilevskiy without a rebound. 16:47 of 1st period - Frederick Gaudreau wins face-off versus Claude Giroux in SACRAMENTO BANDITS zone. 16:53 of 1st period - Icing by Claude Giroux. 16:54 of 1st period - Nazem Kadri wins face-off versus Claude Giroux in SACRAMENTO BANDITS zone. 17:42 of 1st period - Shot by Jakub Voracek. 17:42 of 1st period - Stopped by Frederik Andersen without a rebound. 17:42 of 1st period - Minor Penalty to Frederik Andersen for Slashing. 17:43 of 1st period - Boone Jenner wins face-off versus Aleksander Barkov in REGINA FALCONS zone. 18:13 of 1st period - Icing by John Carlson. 18:14 of 1st period - Aleksander Barkov wins face-off versus Frederick Gaudreau in SACRAMENTO BANDITS zone. 18:19 of 1st period - Ryan Murray is hit by Jamie Benn and loses puck. 18:33 of 1st period - Off-side. 18:34 of 1st period - Boone Jenner wins face-off versus Jonathan Huberdeau in neutral zone. Goals for this period are 1 for REGINA FALCONS vs 2 for SACRAMENTO BANDITS. Shots for this period are 9 for REGINA FALCONS vs 14 for SACRAMENTO BANDITS. 2nd period 0:01 of 2nd period - Boone Jenner wins face-off versus Nikolaj Ehlers in neutral zone. 0:06 of 2nd period - Icing by Aleksander Barkov. 0:07 of 2nd period - Boone Jenner wins face-off versus Aleksander Barkov in SACRAMENTO BANDITS zone. 0:23 of 2nd period - Shot by Aleksander Barkov. 0:23 of 2nd period - Stopped by Frederik Andersen without a rebound. 0:24 of 2nd period - Claude Giroux wins face-off versus Frederick Gaudreau in REGINA FALCONS zone. 0:46 of 2nd period - Shot by Brandon Saad. 0:46 of 2nd period - Stopped by Andrei Vasilevskiy without a rebound. 0:47 of 2nd period - Aleksander Barkov wins face-off versus Boone Jenner in SACRAMENTO BANDITS zone. 0:56 of 2nd period - Shot by Jamie Benn. 0:56 of 2nd period - Stopped by Frederik Andersen with a rebound. 1:08 of 2nd period - Shot by Boone Jenner. 1:08 of 2nd period - Stopped by Andrei Vasilevskiy without a rebound. 1:09 of 2nd period - Nazem Kadri wins face-off versus Claude Giroux in SACRAMENTO BANDITS zone. 1:14 of 2nd period - Shot by David Pastrnak. 1:14 of 2nd period - Stopped by Andrei Vasilevskiy without a rebound. 1:15 of 2nd period - Claude Giroux wins face-off versus Nazem Kadri in SACRAMENTO BANDITS zone. 1:34 of 2nd period - Shot by Jonathan Huberdeau. 1:34 of 2nd period - Stopped by Frederik Andersen without a rebound. 1:35 of 2nd period - Boone Jenner wins face-off versus Aleksander Barkov in REGINA FALCONS zone. 2:09 of 2nd period - Shot by Jamie Benn. 2:09 of 2nd period - Stopped by Frederik Andersen without a rebound. 2:10 of 2nd period - Frederick Gaudreau wins face-off versus Jakub Voracek in REGINA FALCONS zone. 2:22 of 2nd period - Shot by Jakub Voracek. 2:22 of 2nd period - Stopped by Frederik Andersen without a rebound. 2:23 of 2nd period - Nazem Kadri wins face-off versus Jordan Martinook in REGINA FALCONS zone. 2:23 of 2nd period - Nazem Kadri is hit by Jordan Martinook. 2:45 of 2nd period - Shot by Nazem Kadri. 2:45 of 2nd period - Stopped by Andrei Vasilevskiy without a rebound. 2:46 of 2nd period - Claude Giroux wins face-off versus Boone Jenner in SACRAMENTO BANDITS zone. 2:46 of 2nd period - John Carlson is hit by Boone Jenner. 2:55 of 2nd period - Jakub Voracek is hit by Ben Harpur and loses puck. 3:04 of 2nd period - Jonathan Miller is hit by Jonathan Huberdeau and loses puck. 3:51 of 2nd period - Shot by Aleksander Barkov. 3:51 of 2nd period - Stopped by Frederik Andersen without a rebound. 3:52 of 2nd period - Aleksander Barkov wins face-off versus Frederick Gaudreau in REGINA FALCONS zone. 3:58 of 2nd period - Off-side. 3:59 of 2nd period - Aleksander Barkov wins face-off versus Valeri Nichushkin in neutral zone. 4:06 of 2nd period - Shot by Valeri Nichushkin. 4:06 of 2nd period - Deflect By Matt Martin. 4:06 of 2nd period - Stopped by Andrei Vasilevskiy without a rebound. 4:07 of 2nd period - Frederick Gaudreau wins face-off versus Aleksander Barkov in SACRAMENTO BANDITS zone. 4:35 of 2nd period - Shot by Marc-Edouard Vlasic. 4:35 of 2nd period - Shot Misses the Net. 5:08 of 2nd period - Shot by Brady Tkachuk. 5:08 of 2nd period - Stopped by Andrei Vasilevskiy with a rebound. 5:57 of 2nd period - Claude Giroux is hit by Joel Edmundson and loses puck. 6:06 of 2nd period - Shot by Max Pacioretty. 6:06 of 2nd period - Stopped by Andrei Vasilevskiy without a rebound. 6:07 of 2nd period - Brian Gibbons wins face-off versus Jordan Martinook in SACRAMENTO BANDITS zone. 6:49 of 2nd period - Icing by John Carlson. 6:50 of 2nd period - Jordan Martinook wins face-off versus Boone Jenner in SACRAMENTO BANDITS zone. 6:50 of 2nd period - Jordan Martinook is hit by Max Pacioretty. 7:14 of 2nd period - Shot by Jonathan Huberdeau. 7:14 of 2nd period - Shot Blocked by Ryan Murray. 7:20 of 2nd period - Shot by Max Pacioretty.